 Dungeon Crawl Stone Soup version 0.30-b1-2-g02819fbbbe (webtiles) character file.

Game seed: 16013318261271492135

7428 Ralhos the Basher (level 10, 0/86 HPs)
             Began as a Minotaur Berserker on Oct 10, 2023.
             Was a High Priest of Trog.
             Slain by a vampire (10 damage)
             ... on level 10 of the Dungeon.
             The game lasted 01:47:07 (9851 turns).

Ralhos the Basher (Minotaur Berserker)              Turns: 9851, Time: 01:47:07

Health: 0/86       AC: 17    Str: 26    XL:     10   Next: 93%
Magic:  9/9        EV: 11    Int:  9    God:    Trog [*****.]
Gold:   553        SH:  0    Dex: 13    Spells: 9/9 levels left

rFire   + + .        b - +2 hammer (protect)
rCold   + . .        (no shield)
rNeg    . . .        r - +2 chain mail {Will+}
rPois   +            (helmet restricted)
rElec   .            D - scarf {repulsion}
rCorr   .            Y - +2 pair of gloves {Stlth+}
SInv    .            w - +0 pair of boots "Nyon" {Dex+3}
Will    +....        F - amulet "Ziem Fuh" {Drain rF++ Regen+ Int+5} Stlth
                     l - ring of protection from cold
HPRegen 1.14/turn    s - ring of poison resistance
MPRegen 0.11/turn

%: repel missiles
@: no status effects
A: horns 2, retaliatory headbutt
a: Renounce Religion, Berserk, Trog's Hand, Brothers in Arms


You were on level 10 of the Dungeon.
You worshipped Trog.
Trog was extremely pleased with you.
You visited 2 branches of the dungeon, and saw 11 of its levels.
You also visited: Ossuary.

You collected 553 gold pieces.

Inventory:

Hand Weapons
 b - a +2 hammer of protection (weapon)
 v - a +2 heavy long sword
 C - a +2 whip of electrocution
 N - a +2 dagger of electrocution
 U - a +2 hand axe
 W - a +3 quarterstaff of chaos
Missiles
 e - 3 javelins
 f - 100 stones (quivered)
 q - 13 boomerangs
 I - 5 throwing nets
Armour
 d - a +0 cloak of willpower
 r - a +2 chain mail of willpower (worn)
 w - the +0 pair of boots "Nyon" (worn) {Dex+3}
   (You found it on level 4 of the Dungeon)

   Dex:       It affects your dexterity (+3).
 A - a +0 ring mail of poison resistance
 D - a scarf of repulsion (worn)
 Y - a +2 pair of gloves of stealth (worn)
Jewellery
 g - a +4 ring of protection
 l - a ring of protection from cold (left hand)
 s - a ring of poison resistance (right hand)
 F - the amulet "Ziem Fuh" (around neck) {Drain rF++ Regen+ Int+5}
   (You found it on level 8 of the Dungeon)

   [amulet of regeneration]

   Int:       It affects your intelligence (+5).
   rF:        It greatly protects you from fire.
   Regen:     It increases your rate of health regeneration.
   Drain:     It drains your maximum health when unequipped.
 J - a ring of protection from cold
Wands
 o - a wand of digging (1)
 p - a wand of roots (14)
 S - a wand of paralysis (6)
Scrolls
 a - a scroll of magic mapping
 c - a scroll of fog
 h - 3 scrolls of identify
 y - 2 scrolls of teleportation
 z - a scroll of poison
 E - 2 scrolls of noise
 M - a scroll of enchant weapon
 O - a scroll of vulnerability
 T - 2 scrolls of blinking
 V - a scroll of silence
 X - a scroll of brand weapon
Potions
 j - 3 potions of berserk rage
 m - 4 potions of haste
 n - a potion of attraction
 t - 3 potions of lignification
 u - 3 potions of resistance
 G - a potion of flight
 H - a potion of degeneration
 L - 4 potions of brilliance
 P - 3 potions of curing


   Skills:
 + Level 7.6 Fighting
 - Level 12.0(14.0) Axes
 - Level 12.1(14.1) Maces & Flails
 + Level 7.1 Armour
 + Level 6.1 Dodging


You had 9 spell levels left.
You didn't know any spells.
Your spell library contained the following spells:

 Spells                   Type           Power      Damage    Failure   Level
 Shock                    Conj/Air       0%         1d3       87%         1
 Cigotuvi's Dreadful Rot  Necr/Pois/Air  0%         N/A       95%         2
 Frozen Ramparts          Ice            0%         1d1       99%         3
 Ignite Poison            Fire/Tmut/Pois 0%         N/A       99%         3
 Swiftness                Air            0%         N/A       99%         3
 Tukima's Dance           Hex            0%         N/A       99%         3
 Airstrike                Air            0%         2d(0-16)  100%        4
 Ice Form                 Ice/Tmut       0%         N/A       100%        4
 Passage of Golubria      Tloc           0%         N/A       100%        4
 Summon Ice Beast         Ice/Summ       0%         N/A       100%        4
 Freezing Cloud           Conj/Ice/Air   0%         6-21      100%        5
 Yara's Violent Unravell  Hex/Tmut       0%         3d3       100%        5


Dungeon Overview and Level Annotations

Branches:
Dungeon (10/15)            Temple (1/1) D:6         Ossuary (visited)
   Lair: D:8-11         Orc: D:9-12

Altars:
Ashenzari
Cheibriados
Dithmenos
Elyvilon
Fedhas
Gozag
Hepliaklqana
Kikubaaqudgha
Makhleb
Nemelex Xobeh
Okawaru
Qazlal
Ru
Sif Muna
Trog
Uskayaw
Vehumet
Wu Jian
Xom
Yredelemnul
Zin
The Shining One

Shops:
D:3 [


Innate Abilities, Weirdness & Mutations

You have a pair of horns on your head.
You reflexively headbutt those who attack you in melee.


Message History

You hit something. You closely miss something.
Something hits you but does no damage. Something bites you but does no damage.
You hit something but do no damage. Your headbutt misses something.
Something barely misses you. Something bites you but does no damage.
You closely miss something. Your headbutt misses something.
Something draws life force from you!
You barely miss something. Your headbutt misses something.
You hit something but do no damage. Something hits you but does no damage.
Something bites you but does no damage.
You hit something but do no damage. Something barely misses you.
Something bites you but does no damage.
You sock something! You headbutt something. You miss something.
Something hits you! Something bites you but does no damage.
You sock something! Something hits you but does no damage.
Something bites you but does no damage.
You hit something but do no damage. You headbutt something. Something hits you!
Something bites you but does no damage. Something draws life force from you!
* * * LOW HITPOINT WARNING * * *
Something hits you but does no damage. Something bites you but does no damage.
Something hits you but does no damage. Something bites you.
* * * LOW HITPOINT WARNING * * *
Something draws strength from your injuries!
You hear some strange, mumbled words.
Something tries to affect you, but you resist.
There is a stone staircase leading up here.
Something hits you!
* * * LOW HITPOINT WARNING * * *
Something bites you but does no damage.
You closely miss something. Something hits you but does no damage.
Something bites you but does no damage. Something hits you but does no damage.
Something bites you!
* * * LOW HITPOINT WARNING * * *
Something draws strength from your injuries!
There is a stone staircase leading up here.
You don't know any spells.
You don't know any spells.
Something hits you!
You die...

..... .... # ... .#
### V.##.## ####.##
......#
#..#..###V.....:
#####.....##........
#...##........$..#
#..@...........###
#...................
#....##...###........
#..##.####.#
....#...# .... ..#
#..#..#.##... ....
.... ......#.# #..
#.. ..... ........#
.. ##....... .####


There were no monsters in sight!

Vanquished Creatures
  Harold (D:9)
  2 two-headed ogres
  Pikel (D:6)
  Joseph (D:7)
  Maggie (D:7)
  A hornet (D:9)
  3 wyverns
  3 yaks (D:9)
  A wraith (D:9)
  A steam dragon (D:9)
  2 water moccasins
  3 black bears
  An ice beast (D:6)
  A sky beast (D:8)
  An ogre (D:5)
  2 phantoms (D:5)
  2 lemures (D:6)
  6 bullfrogs
  3 water moccasin zombies (Ossuary)
  4 scorpions
  9 wights
  An electric eel (D:6)
  5 howler monkeys
  2 jellies
  6 orc priests
  Crazy Yiuf (D:5)
  6 hounds
  2 iguanas
  5 orc wizards
  3 mummies
  10 adders
  3 gnolls (D:6)
  A white imp (D:6)
  4 adder zombies (Ossuary)
  2 worms (D:2)
  2 dart slugs
  20 orcs
  9 ball pythons
  4 endoplasms
  A giant cockroach (D:4)
  10 goblins
  5 hobgoblins
  2 jackals (D:4)
  5 quokkas
  7 bats
  5 frilled lizards (D:1)
  7 gnoll zombies (Ossuary)
  5 hobgoblin zombies
  4 kobolds
  7 kobold zombies (Ossuary)
  3 orc zombies (Ossuary)
  6 rats
202 creatures vanquished.

Vanquished Creatures (others)
  4 fungi (D:4)
4 creatures vanquished.

Grand Total: 206 creatures vanquished

Notes
Turn   | Place    | Note
-------+----------+-------------------------------------------
     0 | D:1      | Ralhos the Minotaur Berserker began the quest for the Orb.
     0 | D:1      | Reached XP level 1. HP: 19/19 MP: 0/0
   218 | D:1      | Reached XP level 2. HP: 24/26 MP: 1/1
   526 | D:1      | Reached skill level 5 in Axes
   879 | D:2      | Reached XP level 3. HP: 24/31 MP: 2/2
  1487 | D:2      | Reached XP level 4. HP: 37/39 MP: 3/3
  2134 | D:3      | Found a faded altar of an unknown god.
  2200 | D:3      | Reached XP level 5. HP: 10/45 MP: 4/4
  2555 | D:3      | Found Vaxiegimm's Antique Armour Boutique.
  3247 | D:4      | Noticed a black bear
  3252 | D:5      | Entered Level 5 of the Dungeon
  3252 | D:5      | Noticed a phantom
  3282 | D:4      | Killed a black bear
  3283 | D:4      | Reached XP level 6. HP: 35/51 MP: 5/5
  3336 | D:4      | Identified the +0 pair of boots "Nyon" {Dex+3}
  3595 | D:4      | Reached ** piety under Trog
  4139 | D:5      | Reached XP level 7. HP: 57/57 MP: 6/6
  4190 | D:5      | Reached skill level 10 in Axes
  4455 | D:5      | Found a shimmering altar of Xom.
  4481 | D:5      | Reached XP level 8. HP: 53/64 MP: 7/7
  4960 | D:5      | Found a runed translucent door.
  4961 | D:5      | Noticed Crazy Yiuf
  5157 | D:5      | Killed Crazy Yiuf
  5261 | D:6      | Reached skill level 1 in Maces & Flails
  5398 | D:6      | Reached skill level 5 in Maces & Flails
  5418 | D:6      | Noticed Pikel
  5675 | D:6      | Reached *** piety under Trog
  5778 | D:6      | Killed Pikel
  5779 | D:6      | Reached XP level 9. HP: 65/71 MP: 8/8
  5970 | D:6      | Found a staircase to the Ecumenical Temple.
  6576 | D:7      | Reached skill level 10 in Maces & Flails
  6609 | D:7      | Noticed Joseph
  6620 | D:7      | Killed Joseph
  6692 | D:7      | Noticed Maggie
  6705 | D:7      | Killed Maggie
  6795 | D:7      | HP: 2/63 [wight/+0 flail (3)]
  7069 | D:7      | Found a sand-covered staircase.
  7135 | Ossuary  | Entered an ossuary
  7189 | Ossuary  | Reached **** piety under Trog
  7647 | D:7      | Reached XP level 10. HP: 72/75 MP: 9/9
  7704 | D:7      | Found an opulent altar of Gozag.
  7786 | D:7      | Found a glowing silver altar of Zin.
  7952 | Temple   | Entered the Ecumenical Temple
  7952 | Temple   | Found a transporter.
  7952 | Temple   | Found a transporter.
  7954 | Temple   | Found a transporter.
  7954 | Temple   | Found a transporter.
  8610 | D:8      | Noticed a two-headed ogre
  8630 | D:8      | Killed a two-headed ogre
  8631 | D:8      | Reached skill level 5 in Fighting
  8723 | D:8      | Identified the amulet "Ziem Fuh" {Drain rF++ Regen+ Int+5}
  8913 | D:9      | Reached skill level 5 in Armour
  8924 | D:9      | Noticed Harold
  8946 | D:9      | Killed Harold
  8986 | D:9      | Noticed a two-headed ogre
  8998 | D:9      | Killed a two-headed ogre
  8999 | D:9      | Reached skill level 5 in Dodging
  9175 | D:9      | Reached ***** piety under Trog
  9794 | D:10     | Entered Level 10 of the Dungeon
  9851 | D:10     | Slain by a vampire

Illustrated notes

Levels and vault maps discovered:
D:1:      beargit_arrival_diablo_church, layout_loops_ring, minmay_ruptured
D:2:      layout_basic, roderic_serpentine_path, minmay_domino_2
D:3:      layout_loops_corners, serial_shops, nicolae_shop_window_shopping,
          nicolae_ecumenical_snake_handling, minivault_24,
          minmay_misc_feat_nine_boxes
D:4:      layout_rooms, serial_aquarium, aquarium_bridge_straight
          [aquarium_subvault_bridge, aquarium_subvault_window,
          aquarium_subvault_bridge, aquarium_subvault_wall],
          aquarium_window_corner, aquarium_window_2, aquarium_view_2d,
          aquarium_view_2b
D:5:      layout_basic, mainiacjoe_overflow_concentric_impassable,
          uniq_crazy_yiuf_cottage
D:6:      layout_loops_cross, minmay_temple_entry_wispy,
          nicolae_kite_square_tiling_tiny, uniq_pikel
D:7:      layout_loops_ring, pdpol_temple_overflow_zin_treasury_gozag_greed,
          nicolae_ossuary_entry_giza, grunt_decor_resistance, uniq_maggie,
          uniq_joseph
D:8:      layout_gridville
D:9:      layout_gridville, uniq_harold
D:10:     minmay_chopped_fan, layout_cave_pools, orc_0_dummy
Temple:   hellmonk_temple_divided_pantheon

Skill      XL: |  1  2  3  4  5  6  7  8  9 10 |
---------------+-------------------------------+-----
Axes           | 4 5 6 7 8 9 11 12 | 12.0
Fighting       | 4 7 |  7.6
Armour         | 3 7 |  7.1
Maces & Flails | 8 12 | 12.1
Dodging        | 6 |  6.1

Action                     |  1- 3 |  4- 6 |  7- 9 | 10-12 || total
---------------------------+-------+-------+-------+-------++-------
  Melee: Hand axe          |    92 |    78 |       |       ||   170
         Headbutt          |     6 |    11 |    54 |    36 ||   107
         War axe           |       |    50 |    67 |       ||   117
         Punch             |       |       |     5 |       ||     5
         Mace              |       |       |   221 |   168 ||   389
  Throw: Stone             |     3 |     5 |     1 |     5 ||    14
 Invoke: Berserk           |     2 |     3 |     2 |       ||     7
    Use: Scroll            |       |    13 |     5 |     4 ||    22
         Potion            |       |       |     3 |       ||     3
   Stab: Distracted        |       |       |     1 |       ||     1
 Armour: Animal skin       |    17 |     1 |       |       ||    18
         Ring mail         |       |     4 |    25 |    19 ||    48
         Scale mail        |       |    46 |    99 |       ||   145
         Chain mail        |       |       |       |    62 ||    62
  Dodge: Dodged            |    51 |    81 |   167 |    67 ||   366
